 Dungeon Crawl Stone Soup version 0.30-a0-782-ge64f9170bb (webtiles) character file.

Game seed: 17020731007655070385

575793 P0068685 the Slayer (level 27, -5/187 HPs)
             Began as a Hill Orc Fighter on Mar 13, 2023.
             Was the Champion of Cheibriados.
             Slain by a rockslime (15 damage)
             ... created by the Royal Jelly
             ... on level 4 of the Pits of Slime on Mar 14, 2023.
             The game lasted 03:45:51 (68931 turns).

P0068685 the Slayer (Hill Orc Fighter)             Turns: 68931, Time: 03:45:52

Health: -5/187     AC: 39    Str: 44    XL:     27
Magic:  13/26      EV: 18    Int: 26    God:    Cheibriados [******]
Gold:   7805       SH: 26    Dex: 23    Spells: 16/48 levels left

rFire   + + +      SeeInvis +    a - +9 war axe (elec)
rCold   + + +      Faith    .    z - +2 shield of Resistance {rF++ rC++ Will++}
rNeg    + + +      Spirit   .    x - +7 gold dragon scales
rPois   +          Reflect  +    S - +3 crown of Dyrovepreva {rElec Int+2 SInv}
rElec   +          Harm     .    h - +0 cloak of the Ghostly God {rN+ Will+}
rCorr   +          Rampage  .    X - +1 pair of gloves
Will    +++++                    R - +2 pair of boots {Fly} Stlth
                                 V - amulet "Gyhin" {Reflect rF++ rN++ Int-3 SH+5}
HPRegen 0.51/turn                D - ring "Saimaffou" {rC+ Will+ AC+4 Slay+2}
MPRegen 0.20/turn                M - ring of resist corrosion

@: mighty, silenced (expiring), flying, studying Polearms, unable to drink, very
slow
A: claws 1, large bone plates 1, see invisible, clumsy 1, deformed body,
deterioration 2, frail 3, low MP 3, cold vulnerability 1, subdued magic 3,
inability to drink after injury 2, inability to read after injury 1
}: 3/15 runes: decaying, serpentine, silver
a: Renounce Religion


You were on level 4 of the Pits of Slime.
You worshipped Cheibriados.
Cheibriados was exalted by your worship.
You visited 11 branches of the dungeon, and saw 51 of its levels.
You visited 1 bazaar.
You also visited: Trove, Ossuary, Bailey and Wizlab.

You collected 10581 gold pieces.
You spent 2776 gold pieces at shops.

Inventory:

Hand Weapons
 a - a +9 war axe of electrocution (weapon)
 U - a +6 war axe of flaming
Missiles
 e - 14 silver javelins
 k - 8 javelins
 l - 38 boomerangs (quivered)
 A - 2 boomerangs of dispersal
 C - 35 poisoned darts
 L - 9 curare-tipped darts
 N - 17 atropa-tipped darts
Armour
 h - the +0 cloak of the Ghostly God (worn) {rN+ Will+}
   (You bought it in a shop on level 2 of the Orcish Mines)

   rN:        It protects you from negative energy.
   Will:      It increases your willpower.
 x - +7 gold dragon scales (worn)
 z - the +2 shield of Resistance (worn) {rF++ rC++ Will++}
   (You bought it in a shop in a bazaar)

   rF:        It greatly protects you from fire.
   rC:        It greatly protects you from cold.
   Will:      It greatly increases your willpower.
 R - a +2 pair of boots of flying (worn)
 S - the +3 crown of Dyrovepreva (worn) {rElec Int+2 SInv}
   (You found it in a bailey)

   Int:       It affects your intelligence (+2).
   rElec:     It insulates you from electricity.
   SInv:      It lets you see invisible.
 X - a +1 pair of gloves (worn)
Jewellery
 g - the amulet of the Cast Vote {rPois Regen+}
   (You acquired it on level 5 of the Vaults)

   [amulet of regeneration]

   rPois:     It protects you from poison.
   Regen:     It increases your rate of health regeneration.
 p - an amulet of guardian spirit
 D - the ring "Saimaffou" (left hand) {rC+ Will+ AC+4 Slay+2}
   (You took it off a vampire mage on level 3 of the Depths)

   [ring of protection]

   AC:        It affects your AC (+4).
   Slay:      It affects your accuracy & damage with ranged weapons and melee
   (+2).
   rC:        It protects you from cold.
   Will:      It increases your willpower.
 K - the ring "Juso" {rC+ Str+5 Dex+6}
   (You took it off a vault warden on level 5 of the Vaults)

   [ring of dexterity]

   Str:       It affects your strength (+5).
   Dex:       It affects your dexterity (+6).
   rC:        It protects you from cold.
 M - a ring of resist corrosion (right hand)
 T - a ring of wizardry
 V - the amulet "Gyhin" (around neck) {Reflect rF++ rN++ Int-3 SH+5}
   (You found it in a treasure trove)

   [amulet of reflection]

   It reflects blocked missile attacks.
   Int:       It affects your intelligence (-3).
   rF:        It greatly protects you from fire.
   rN:        It greatly protects you from negative energy.
   SH:        It affects your SH (+5).
Wands
 q - a wand of light (10)
 y - a wand of charming (4)
 B - a wand of digging (18)
 J - a wand of flame (165)
 O - a wand of roots (46)
Scrolls
 b - 4 scrolls of fog
 c - a scroll of magic mapping
 d - 2 scrolls of amnesia
 m - 2 scrolls of silence
 o - 7 scrolls of blinking
 s - 19 scrolls of teleportation
 t - a scroll of fear
 v - 28 scrolls of identify
 E - 2 scrolls of enchant weapon
 H - 12 scrolls of poison
Potions
 f - 2 potions of resistance
 i - 9 potions of flight
 j - 27 potions of curing
 r - 5 potions of brilliance
 u - 10 potions of ambrosia
 w - 4 potions of magic
 F - 3 potions of cancellation
 G - 6 potions of invisibility
 I - 5 potions of heal wounds
 Q - 4 potions of berserk rage
 Y - 4 potions of haste


   Skills:
 * Level 25.9 Fighting
 * Level 20.4 Axes
 - Level 10.2 Throwing
 * Level 20.4 Armour
 * Level 15.0 Dodging
 * Level 14.9 Shields
 * Level 11.3 Spellcasting
 * Level 10.3 Conjurations
 * Level 13.1 Hexes
 - Level 7.4 Translocations
 * Level 9.3 Air Magic
 - Level 13.4 Invocations


You had 16 spell levels left.
You knew the following spells:

 Your Spells              Type           Power      Damage    Failure   Level
a - Portal Projectile     Hex/Tloc       70%        N/A       1%          3
b - Hailstorm             Conj/Ice       21%        3d6       6%          3
c - Silence               Hex/Air        19%        N/A       4%          5
d - Airstrike             Air            16%        2d(3-19)  3%          4
e - Blink                 Tloc           56%        N/A       1%          2
f - Cause Fear            Hex            21%        N/A       1%          4
g - Iskenderun's Battles  Conj           36%        2d9       8%          5
h - Conjure Ball Lightni  Conj/Air       17%        3x3d6     54%         6

Your spell library contained the following spells:

 Spells                   Type           Power      Damage    Failure   Level
 Slow                     Hex            100%       N/A       0%          1
 Foxfire                  Conj/Fire      84%        2x1d8     1%          1
 Magic Dart               Conj           100%       1d8       1%          1
 Shock                    Conj/Air       100%       1d9       1%          1
 Lesser Beckoning         Tloc           56%        N/A       1%          2
 Momentum Strike          Conj/Tloc      64%        3d9       1%          2
 Static Discharge         Conj/Air       68%        2-5/arc   1%          2
 Confusing Touch          Hex            43%        N/A       1%          3
 Dazzling Flash           Conj/Hex       78%        N/A       1%          3
 Gell's Gravitas          Tloc           28%        N/A       1%          3
 Swiftness                Air            33%        N/A       1%          3
 Teleport Other           Tloc           28%        N/A       1%          3
 Tukima's Dance           Hex            43%        N/A       1%          3
 Vhi's Electric Charge    Tloc/Air       60%        N/A       1%          3
 Fulminant Prism          Conj/Hex       19%        3d10      1%          4
 Poisonous Vapours        Pois/Air       40%        N/A       3%          2
 Inner Flame              Hex/Fire       25%        N/A       3%          3
 Iskenderun's Mystic Bla  Conj/Tloc      32%        2d8       4%          4
 Kindle Blastsparks       Fire/Tloc/Air  46%        2d13      5%          3
 Stone Arrow              Conj/Erth      42%        3d9       6%          3
 Cigotuvi's Dreadful Rot  Necr/Pois/Air  32%        N/A       8%          2
 Arcjolt                  Conj/Air       17%        1d27      10%         5
 Lightning Bolt           Conj/Air       17%        1d31      10%         5
 Anguish                  Hex/Necr       12%        N/A       14%         4
 Beastly Appendage        Tmut           14%        N/A       22%         1
 Freeze                   Ice            28%        1d5       22%         1
 Sandblast                Erth           14%        2d6       22%         1
 Sting                    Tmut/Pois      28%        1d4       22%         1
 Summon Small Mammal      Summ           28%        N/A       22%         1
 Flame Wave               Conj/Fire      21%        2d8       26%         4
 Sticky Flame             Conj/Fire      21%        2d4       26%         4
 Summon Lightning Spire   Summ/Air       20%        N/A       32%         4
 Call Imp                 Summ           7%         N/A       34%         2
 Passwall                 Tmut/Erth      5%         N/A       34%         2
 Sublimation of Blood     Necr           7%         N/A       34%         2
 Wereblood                Tmut           7%         N/A       34%         2
 Freezing Cloud           Conj/Ice/Air   12%        6-21      41%         5
 Metabolic Englaciation   Hex/Ice        12%        N/A       41%         5
 Yara's Violent Unravell  Hex/Tmut       12%        3d7       41%         5
 Frozen Ramparts          Ice            14%        1d3       58%         3
 Ignite Poison            Fire/Tmut/Pois 7%         N/A       58%         3
 Ozocubu's Armour         Ice            7%         N/A       58%         3
 Spider Form              Tmut/Pois      7%         N/A       58%         3
 Vampiric Draining        Necr           7%         2d6       58%         3
 Fireball                 Conj/Fire      10%        3d6       63%         5
 Irradiate                Conj/Tmut      10%        3d15      63%         5
 Enfeeble                 Hex            21%        N/A       69%         7
 Summon Forest            Summ/Tloc      8%         N/A       85%         5
 Animate Armour           Summ/Erth      14%        N/A       95%         4
 Animate Dead             Necr           7%         N/A       95%         4
 Dispel Undead            Necr           7%         3d8       95%         4
 Ice Form                 Ice/Tmut       7%         N/A       95%         4
 Olgreb's Toxic Radiance  Pois           7%         N/A       95%         4
 Petrify                  Tmut/Erth      7%         N/A       95%         4
 Summon Ice Beast         Ice/Summ       7%         N/A       95%         4
 Orb of Destruction       Conj           18%        9d8       97%         7
 Iron Shot                Conj/Erth      10%        9d3       99%         6
 Starburst                Conj/Fire      10%        6d5       99%         6
 Agony                    Necr           7%         N/A       100%        5
 Blade Hands              Tmut           3%         N/A       100%        5
 Borgnjor's Vile Clutch   Necr/Erth      3%         N/A       100%        5
 Lee's Rapid Deconstruct  Erth           3%         3d5*      100%        5
 Death Channel            Necr           3%         N/A       100%        6
 Simulacrum               Ice/Necr       3%         N/A       100%        6
 Statue Form              Tmut/Erth      4%         N/A       100%        6
 Dragon Form              Tmut           3%         N/A       100%        7
 Haunt                    Necr/Summ      3%         N/A       100%        7
 Monstrous Menagerie      Summ           3%         N/A       100%        7
 Ozocubu's Refrigeration  Ice            3%         4d8       100%        7
 Storm Form               Tmut/Air       10%        N/A       100%        7
 Summon Hydra             Summ           3%         N/A       100%        7
 Borgnjor's Revivificati  Necr           3%         N/A       100%        8
 Discord                  Hex            21%        N/A       100%        8
 Disjunction              Tloc           14%        N/A       100%        8
 Ignition                 Fire           3%         3d4       100%        8
 Infestation              Necr           3%         N/A       100%        8
 Necromutation            Tmut/Necr      3%         N/A       100%        8
 Death's Door             Necr           3%         N/A       100%        9
 Dragon's Call            Summ           3%         N/A       100%        9


Dungeon Overview and Level Annotations

Branches:
Dungeon (15/15)            Temple (1/1) D:7            Lair (5/5) D:8
  Swamp (4/4) Lair:2        Snake (4/4) Lair:3        Slime (5/5) Lair:5
    Orc (2/2) D:12            Elf (3/3) Orc:2        Vaults (5/5) D:14
  Crypt (3/3) Vaults:2       Tomb (0/3) Crypt:3      Depths (4/4) D:15
    Zot (0/5) Depths:4    Ossuary (visited)          Bailey (visited)
 WizLab (visited)

Altars:
Ashenzari
Cheibriados
Dithmenos
Elyvilon
Fedhas
Gozag
Hepliaklqana
Kikubaaqudgha
Makhleb
Nemelex Xobeh
Okawaru
Qazlal
Ru
Sif Muna
Trog
Uskayaw
Vehumet
Wu Jian
Xom
Yredelemnul
Zin
The Shining One
Beogh
Jiyva
Lugonu

Shops:
D:3 [   D:7 *   D:13 ?   Orc:2 [[:=[   Vaults:2 !   Depths:2 :?=(

Portals:
Hell: Depths:1 Depths:2 Depths:3 Depths:4
Abyss: Lair:5
Pandemonium: Depths:2
Ziggurat: Depths:2

Annotations:
D:3 1 transporter, 1 exclusion
D:9 2 transporters, RatherSlowDeath's ghost, novice TrWr
D:12 exclusion: downstairs
Lair:3 exclusion: oklob plant
Lair:4 1 runed translucent door, Athor's ghost, journeyman VSBr
Swamp:3 exclusion: downstairs
Slime:5 Royal Jelly
Vaults:1 exclusion: downstairs


Innate Abilities, Weirdness & Mutations

You have sharp fingernails.
You are partially covered in large bone plates. (SH +4)
You have supernaturally acute eyesight. (SInv)
You are clumsy. (Dex -2)
Armour fits poorly on your strangely shaped body.
Your body often deteriorates upon taking damage.
You are extremely frail. (-30% HP)
Your magical capacity is extremely low. (-30% MP)
You are vulnerable to cold. (rC-)
Your spells are much easier to cast, but much less powerful.
You sometimes lose the ability to drink potions when taking damage.
You occasionally lose the ability to read scrolls when taking damage.


Message History

The splash of acid hits you but does no damage.
The acid blob attacks as you move away! You block the acid blob's attack.
You block the rockslime's attack.
The rockslime hits you but does no damage.
You block the acid blob's attack. The rockslime attacks as you move away!
The rockslime misses you. The acid blob attacks as you move away!
You block the acid blob's attack.
You block the rockslime's attack. x2; The rockslime hits you!!
You feel threatened and lose the ability to read scrolls!
* * * LOW HITPOINT WARNING * * *
You are shoved backwards!
Okay, then.
Unknown command.
You can read scrolls again.
You block the rockslime's attack.
The Royal Jelly jiggles.
The rockslime attacks as you move away! You block the rockslime's attack.
The quicksilver ooze attacks as you move away!
The quicksilver ooze misses you.
You block the quicksilver ooze's attack.
The rockslime is no longer covered in acid.
The rockslime misses you. You block the rockslime's attack.
The rockslime hits you but does no damage.
There is a stone staircase leading up here.
You block the rockslime's attack. x2
You block the quicksilver ooze's attack.
The quicksilver ooze barely misses you. The acid blob spits acid at you.
The splash of acid reflects off an invisible shield around you!
The splash of acid hits the acid blob.
The acid blob completely resists.
You fly upwards.
There is a stone staircase leading down here.
Okay, then.
You cannot drink potions in your current state!
Magic scrolls do not work when you're silenced!
Unknown command.
Unknown command.
Magic scrolls do not work when you're silenced!
The rockslime attacks as you move away! The rockslime hits you!
You die...

#....#.......#.##
#....#..#......#
#............##
###.....#......#
##.#....#......##
#............###
##............###
#......J.......##
##....@.<.......#
##......J.....#.##
#....#...........#
##......^....##.##
#.............###
#..........#.##
#.......#..###
##..........#
##.........##


You could see 2 rockslimes.

Vanquished Creatures
  Dissolution (Slime:3)
  2 dread liches
  A juggernaut (Depths:4)
  3 royal mummies (Crypt:2)
  Sojobo (Depths:2)
  Margery (Crypt:2)
  A caustic shrike (Depths:3)
  4 golden dragons
  Nikola (Vaults:2)
  A mutant beast (WizLab)
  2 bone dragons
  A profane servitor (Crypt:3)
  Jorgrun (D:15)
  Zenata (Vaults:2)
  5 tentacled monstrosities
  2 shard shrike skeletons (Crypt:3)
  2 walking crystal tomes
  10 liches
  The ghost of Plog the Tortoise, an adept AtMo of Okawaru (Vaults:4)
  2 deep elf blademasters (Elf:3)
  6 titans
  Mlioglotl (Swamp:2)
  4 quicksilver dragons
  24 acid blobs
  2 deep elf master archers (Elf:3)
  3 sphinxes
  Kirke (Swamp:2)
  7 shadow dragons
  6 ancient champions (Crypt:3)
  A sphinx (shapeshifter) (Depths:2)
  A storm dragon (Vaults:5)
  Donald (Vaults:2)
  11 tengu reavers
  4 nagarajas (Snake:4)
  12 azure jellies
  3 thorn hunters
  2 revenants
  12 rockslimes
  9 vault wardens
  21 fire giants
  4 deep elf sorcerers
  A draconian shifter (Depths:4)
  4 iron dragons
  Aizul (Snake:4)
  15 ironbound preservers
  10 ghouls
  13 frost giants
  2 orc warlords
  10 very ugly things
  A spriggan defender (Depths:3)
  5 deep elf elementalists (Elf:3)
  A draconian stormcaller (Depths:4)
  4 war gargoyles
  A stone giant (shapeshifter) (Depths:3)
  3 ironbound thunderhulks
  17 stone giants
  13 quicksilver oozes
  A juggernaut skeleton (D:15)
  15 dire elephants
  5 deep elf demonologists
  Nessos (D:13)
  3 green draconians
  10 vampire knights
  2 purple draconians (Depths:4)
  6 deep elf annihilators
  6 eleionomae
  5 bunyips
  10 spark wasps
  Azrael (Elf:2)
  A red draconian (Depths:4)
  3 yellow draconians (Depths:4)
  A bunyip (shapeshifter) (D:14)
  An eidolon (Crypt:3)
  4 crystal guardians
  12 deep elf death magi
  18 fire dragons
  Josephine (D:10)
  15 ettins
  10 jiangshi
  3 mummy priests
  A fire dragon (shapeshifter) (Depths:4)
  A merfolk impaler (Depths:4)
  4 deep elf high priests
  4 rakshasas
  24 vault guards
  17 yaktaur captains
  An entropy weaver (shapeshifter) (WizLab)
  A shambling mangrove (Swamp:4)
  A radroach (shapeshifter) (Elf:3)
  12 great orbs of eyes
  7 peacekeepers
  18 ice dragons
  2 salamander tyrants
  2 ogre magi
  21 hydras
  8 boulder beetles
  2 fenstrider witch zombies (Crypt:1)
  3 ghost crabs
  6 spriggan air magi
  12 anacondas
  A boulder beetle (shapeshifter) (Vaults:5)
  27 dancing weapons
  A spriggan skeleton (Crypt:3)
  11 ironbound frosthearts
  An alligator (Swamp:4)
  21 centaur warriors
  2 death knights (D:13)
  7 tengu warriors
  A titan zombie (Crypt:3)
  8 deep troll shamans
  14 vampire magi
  6 shock serpents
  12 two-headed ogres
  14 deep troll earth magi
  3 thrashing horrors (Lair:5)
  4 orc high priests
  16 naga warriors
  A soul eater (Crypt:1)
  26 deep elf knights
  10 naga sharpshooters
  7 hell knights
  11 spriggan berserkers
  An emperor scorpion zombie (Crypt:3)
  A fire crab (shapeshifter) (WizLab)
  Amaemon (Lair:2)
  22 skeletal warriors
  4 salamander mystics
  5 goliath frogs
  2 shadow wraiths (Crypt:2)
  11 iron trolls
  50 deep trolls
  8 glowing orange brains
  2 spriggan druids
  A goliath frog (shapeshifter) (Lair:5)
  14 swamp dragons
  A skyshark (Lair:4)
  10 flayed ghosts
  8 naga ritualists
  6 wizards
  A ghost moth zombie (Crypt:3)
  21 deep elf archers
  14 phantasmal warriors
  3 bog bodies
  17 ironbound convokers
  53 deep elf pyromancers
  5 necromancers
  Pikel (D:7)
  37 deep elf zephyrmancers
  8 orc knights
  8 harpies (Vaults:1)
  13 lindwurms
  8 shining eyes
  A wolf spider (D:13)
  12 mana vipers
  3 fire giant zombies
  20 ugly things
  5 orc sorcerers
  16 salamanders
  7 manticores
  5 will-o-the-wisps
  A shadow dragon skeleton (Vaults:2)
  A tengu skeleton (Vaults:2)
  2 stone giant zombies
  7 cyclopes
  10 guardian serpents
  A sphinx skeleton (Vaults:2)
  16 vault sentinels
  An eye of devastation (Slime:5)
  An ice statue (D:15)
  2 torpor snails
  8 elephants
  15 naga magi
  2 iron dragon skeletons
  55 black mambas
  A stone giant skeleton (Vaults:2)
  An orange demon (Lair:2)
  2 smoke demons (Lair:5)
  8 cane toads
  Psyche (D:8)
  4 rime drakes
  11 komodo dragons
  5 kobold demonologists
  4 gargoyles
  A komodo dragon (shapeshifter) (Elf:3)
  16 yaktaurs
  3 efreet
  4 freezing wraiths
  An alligator snapping turtle skeleton (Crypt:1)
  A yaktaur (shapeshifter) (WizLab)
  12 trolls
  2 ancient zymes (Lair:5)
  4 tyrant leeches
  2 green draconian skeletons
  An unseen horror skeleton (Crypt:2)
  7 guardian mummies
  A hellwing (Depths:2)
  A meliai (shapeshifter) (Vaults:5)
  A hornet (shapeshifter) (D:13)
  15 hornets
  6 dream sheep (Lair:5)
  A tarantella (shapeshifter) (D:14)
  A bloated husk (Swamp:1)
  A hydra skeleton (Crypt:2)
  2 spriggan zombies
  42 blink frogs
  96 slime creatures
  An ettin skeleton (Vaults:2)
  13 wraiths
  A shadow (D:11)
  2 centaur simulacra
  6 water elementals
  A vampire (D:13)
  34 yaks
  4 air elementals
  7 wyverns
  3 flying skulls (Crypt:2)
  A satyr skeleton (Crypt:2)
  17 spriggans
  2 ynoxinuls (Lair:5)
  2 fire elementals (Elf:2)
  7 hogs (Swamp:2)
  6 golden eyes
  2 chaos spawn (Lair:5)
  8 basilisks
  2 elf skeletons (Vaults:2)
  Grum (D:9)
  A redback (shapeshifter) (Depths:3)
  3 steam dragons
  3 death yak simulacra (D:13)
  13 vampire mosquitoes
  An iron golem (WizLab)
  7 redbacks (Elf:2)
  Edmund (D:5)
  43 nagas
  7 large abominations
  20 swamp worms
  2 acid dragons (D:13)
  2 wargs
  An acid dragon (shapeshifter) (WizLab)
  4 hell hounds (Elf:2)
  4 floating eyes
  A deep troll skeleton (Crypt:2)
  19 water moccasins
  An ice beast (shapeshifter) (WizLab)
  2 ice beasts
  15 swamp drakes
  51 orc warriors
  A cane toad skeleton (Crypt:1)
  A sky beast (D:6)
  2 black bears (D:8)
  7 ogres
  13 wolves
  11 centaurs
  A torpor snail zombie (Crypt:3)
  5 kobold brigands
  16 bullfrogs
  2 earth elementals (Elf:1)
  A bullfrog (shapeshifter) (Vaults:5)
  5 wyvern zombies (Ossuary)
  2 scorpions
  17 small abominations
  6 human skeletons (Vaults:2)
  7 necrophages
  A yaktaur skeleton (Crypt:3)
  8 wights (D:9)
  A water moccasin skeleton (Crypt:2)
  4 howler monkeys
  4 electric eels (Lair:2)
  7 bullfrog zombies
  3 hounds
  6 jellies
  A black bear zombie (Crypt:2)
  6 centaur zombies
  30 orc priests
  A gnoll bouda (D:7)
  21 orc wizards
  Ijyb (D:5)
  5 iguanas
  4 hell rats (Lair:1)
  A troll simulacrum (D:13)
  5 killer bee zombies (Ossuary)
  2 spriggan simulacra (D:13)
  An ogre zombie (Crypt:3)
  A tengu zombie (Crypt:3)
  13 mummies (Ossuary)
  16 gnolls
  2 naga simulacra (D:13)
  10 adders
  A shadow imp (D:7)
  An ufetubus (D:6)
  2 lava snake zombies
  A lava snake skeleton (Crypt:1)
  A worm (D:5)
  2 dart slugs (D:2)
  90 orcs
  4 ball pythons
  8 endoplasms
  3 giant cockroaches
  14 goblins
  10 hobgoblins
  4 jackals (D:4)
  3 quokkas
  A river rat zombie (Crypt:1)
  7 bats
  A goblin zombie (Crypt:1)
  A hobgoblin skeleton (Crypt:3)
  A hobgoblin zombie (Crypt:3)
  20 kobolds
  4 rats
  A rat skeleton (Crypt:2)
  A river rat skeleton (Crypt:1)
2302 creatures vanquished.

Vanquished Creatures (others)
  A tengu reaver (Depths:2)
  An eleionoma (Swamp:2)
  An ice dragon (Depths:2)
  A deep elf knight (Elf:1)
  An ironbound convoker (Vaults:2)
  2 deep elf pyromancers
  A deep elf zephyrmancer (Elf:1)
  2 bloated husks
  An orc warrior (Vaults:5)
  An orc (D:8)
  A kobold (D:10)
  31 foxfires
  76 fungi
  50 plants
  11 toadstools
  6 withered plants
187 creatures vanquished.

Grand Total: 2489 creatures vanquished

Notes
Turn   | Place    | Note
-------+----------+-------------------------------------------
     0 | D:1      | P0068685 the Hill Orc Fighter began the quest for the Orb.
     0 | D:1      | Reached XP level 1. HP: 19/19 MP: 1/1
   173 | D:1      | Reached XP level 2. HP: 26/27 MP: 2/2
  1020 | D:2      | Reached XP level 3. HP: 33/33 MP: 3/3
  1234 | D:2      | Found a faded altar of an unknown god.
  1347 | D:2      | Reached skill level 4 in Fighting
  1501 | D:2      | Reached XP level 4. HP: 38/40 MP: 4/4
  1742 | D:3      | Found Bomaad's Antique Armour Emporium.
  1949 | D:3      | Found a sparkling altar of Nemelex Xobeh.
  1949 | D:3      | Found a transporter.
  1949 | D:3      | Noticed a black bear
  1950 | D:3      | Noticed an ogre
  2027 | D:3      | Found a shimmering blue altar of Sif Muna.
  2268 | D:3      | Reached skill level 1 in Dodging
  2326 | D:3      | Reached XP level 5. HP: 30/46 MP: 5/5
  2417 | D:4      | Reached skill level 5 in Axes
  2514 | D:4      | Found an iron altar of Okawaru.
  2556 | D:4      | Reached XP level 6. HP: 52/52 MP: 6/6
  2817 | D:4      | Identified the +8 long sword of Tenacity {freeze, Int+4}
  2990 | D:4      | Found a glowing golden altar of the Shining One.
  3230 | D:5      | Entered Level 5 of the Dungeon
  3408 | D:5      | Noticed Ijyb
  3417 | D:5      | Killed Ijyb
  3722 | D:5      | Noticed an ice beast
  3731 | D:5      | Killed an ice beast
  3732 | D:5      | Reached skill level 5 in Armour
  3732 | D:5      | Reached XP level 7. HP: 51/60 MP: 7/7
  3802 | D:5      | Noticed an angel
  3803 | D:5      | Found a shimmering altar of Xom.
  3805 | D:5      | Found a glowing silver altar of Zin.
  3869 | D:5      | Found a shadowy altar of Dithmenos.
  4022 | D:5      | Noticed Edmund
  4033 | D:5      | Killed Edmund
  4145 | D:5      | Found a radiant altar of Vehumet.
  4537 | D:6      | Reached skill level 5 in Fighting
  4553 | D:6      | Found a sand-covered staircase.
  4570 | D:6      | Reached XP level 8. HP: 43/68 MP: 8/8
  4628 | Ossuary  | Entered an ossuary
  4982 | Ossuary  | Reached skill level 5 in Shields
  5059 | Ossuary  | Reached skill level 6 in Fighting
  5158 | Ossuary  | Reached skill level 10 in Axes
  5197 | Ossuary  | Reached XP level 9. HP: 71/75 MP: 9/9
  5736 | D:6      | Found a white marble altar of Elyvilon.
  5986 | D:7      | Identified a scroll of acquirement
  5986 | D:7      | Acquired a staff of death
  6022 | D:7      | Noticed Pikel
  6030 | D:7      | Killed Pikel
  6092 | D:7      | Identified the +7 flail of the Singing Bear {heavy, rF+ rC+
                  | Dex+3}
  6186 | D:7      | Reached skill level 7 in Fighting
  6283 | D:7      | Found Buxtomo's Fire Supplies.
  6409 | D:7      | Found a roughly hewn altar of Beogh.
  6651 | D:7      | Found a staircase to the Ecumenical Temple.
  6663 | Temple   | Entered the Ecumenical Temple
  6731 | Temple   | Became a worshipper of Cheibriados the Contemplative
  7059 | D:7      | Reached XP level 10. HP: 27/86 MP: 10/10
  7611 | D:8      | Found a staircase to the Lair.
  7628 | D:8      | Reached * piety under Cheibriados
  7795 | D:8      | Noticed Psyche
  7816 | D:8      | Killed Psyche
  7817 | D:8      | Reached skill level 8 in Fighting
  7845 | D:8      | Noticed a +0 dagger
  7845 | D:8      | Noticed a +0 hand axe
  7847 | D:8      | Found a hide-covered altar of Uskayaw.
  8371 | D:8      | Found an opulent altar of Gozag.
  8512 | Lair:1   | Entered Level 1 of the Lair of Beasts
  8855 | Lair:1   | Noticed a cane toad
  8863 | Lair:1   | Killed a cane toad
  8864 | Lair:1   | Reached skill level 9 in Fighting
  8991 | Lair:1   | Reached ** piety under Cheibriados
  9098 | Lair:1   | Reached skill level 1 in Invocations
  9120 | Lair:1   | Reached XP level 11. HP: 51/97 MP: 10/12
  9625 | Lair:2   | Found an ancient bone altar of Kikubaaqudgha.
  9891 | Lair:2   | Noticed Amaemon
  9908 | Lair:2   | Killed Amaemon
  9909 | Lair:2   | Reached skill level 10 in Fighting
  9909 | Lair:2   | Reached skill level 5 in Dodging
 10438 | Lair:2   | Found a staircase to the Swamp.
 10483 | Lair:2   | You fall into a shaft and drop 1 floor!
 10544 | Lair:3   | Noticed an oklob plant
 10570 | Lair:3   | Reached skill level 1 in Throwing
 11048 | Lair:3   | Found a staircase to the Snake Pit.
 11063 | Lair:2   | Reached skill level 10 in Armour
 11081 | Lair:2   | Reached *** piety under Cheibriados
 11091 | Lair:2   | Reached skill level 11 in Fighting
 11362 | Lair:3   | Noticed an eight-headed hydra
 11462 | Lair:3   | Noticed a six-headed hydra
 11466 | Lair:3   | Killed a six-headed hydra
 11648 | Lair:3   | Noticed a six-headed hydra
 11648 | Lair:3   | Noticed a five-headed hydra
 11694 | Lair:3   | Reached XP level 12. HP: 64/110 MP: 15/15
 11917 | Lair:3   | Reached skill level 12 in Fighting
 11925 | Lair:3   | Reached **** piety under Cheibriados
 11935 | Lair:3   | Reached skill level 5 in Invocations
 12307 | D:9      | Found a transporter.
 12310 | D:9      | Found a transporter.
 12313 | D:9      | Noticed RatherSlowDeath's ghost (novice TrWr)
 12566 | D:9      | Noticed Grum
 12572 | D:9      | Killed Grum
 12762 | D:9      | Found an ornate altar of the Wu Jian Council.
 12785 | D:9      | Reached ***** piety under Cheibriados
 13131 | D:10     | Entered Level 10 of the Dungeon
 13161 | D:10     | Noticed Josephine
 13162 | D:10     | Reached skill level 13 in Fighting
 13176 | D:10     | Killed Josephine
 13523 | D:10     | Found a flagged portal.
 13548 | Bailey   | Entered a bailey
 13805 | Bailey   | Found a large runed translucent door.
 13805 | Bailey   | Found a large runed translucent door.
 13808 | Bailey   | Found the +3 crown of Dyrovepreva {rElec Int+2 SInv}
 13932 | Bailey   | Identified the +4 chain mail of Gikue {Dex+3}
 14223 | D:10     | Found a stormy altar of Qazlal.
 14381 | D:11     | Reached XP level 13. HP: 123/123 MP: 17/17
 14534 | D:11     | Reached skill level 14 in Fighting
 14739 | D:11     | You are sucked into a shaft and drop 3 floors!
 14991 | D:13     | Reached ****** piety under Cheibriados
 15494 | D:13     | Learned a level 3 spell: Portal Projectile
 15562 | D:14     | Found a gate to the Vaults.
 15583 | D:14     | Reached skill level 5 in Throwing
 15621 | D:12     | Reached skill level 15 in Fighting
 15824 | D:12     | Found a staircase to the Orcish Mines.
 16867 | D:12     | Identified the +2 robe "Voleu" {Str+2 Int+3 Dex+3}
 16876 | Orc:1    | Entered Level 1 of the Orcish Mines
 16876 | Orc:1    | Found a roughly hewn altar of Beogh.
 17012 | Orc:1    | Reached XP level 14. HP: 135/135 MP: 19/19
 17038 | Orc:1    | Noticed an orc warlord
 17520 | Orc:1    | Killed an orc warlord
 17969 | D:6      | Found a broken altar of Ashenzari.
 18464 | Orc:2    | Entered Level 2 of the Orcish Mines
 18649 | Orc:2    | Reached skill level 16 in Fighting
 19676 | Orc:2    | Found Uxuchon's Book Boutique.
 19676 | Orc:2    | Found Yjuhuat's Antique Armour Boutique.
 19677 | Orc:2    | Found Ykopsiy's Jewellery Shop.
 19682 | Orc:2    | Found Ighaduzouq's Antique Armour Shop.
 19773 | Orc:2    | Found a staircase to the Elven Halls.
 19817 | Orc:2    | Found Fagraoheph's Armour Shoppe.
 20045 | Orc:2    | Bought the +0 cloak of the Ghostly God {rN+ Will+} for 298
                  | gold pieces
 20677 | Lair:4   | Found an ornate altar of the Wu Jian Council.
 20677 | Lair:4   | Found a hide-covered altar of Uskayaw.
 21197 | Lair:4   | Found a runed translucent door.
 21200 | Lair:4   | Noticed Athor's ghost (journeyman VSBr)
 21266 | Lair:5   | Entered Level 5 of the Lair of Beasts
 21719 | Lair:5   | Got the Parchment of the Changed Fjord
 21774 | Lair:5   | Reached XP level 15. HP: 143/146 MP: 21/21
 21808 | Lair:5   | Reached skill level 15 in Axes
 22098 | Lair:4   | Reached skill level 17 in Fighting
 22205 | Lair:5   | Reached skill level 1 in Spellcasting
 22351 | Lair:5   | Found a viscous altar of Jiyva.
 22353 | Lair:5   | Found a staircase to the Slime Pits.
 22767 | Lair:5   | Learned a level 3 spell: Hailstorm
 23090 | Lair:5   | Found a corrupted altar of Lugonu.
 23090 | Lair:5   | Found a one-way gate to the infinite horrors of the Abyss.
 23565 | D:13     | Reached skill level 1 in Conjurations
 24260 | D:13     | Reached skill level 10 in Invocations
 24327 | D:13     | Found Poweshet's Magic Scroll Shoppe.
 24336 | D:13     | Bought a scroll of teleportation for 45 gold pieces
 24336 | D:13     | Bought a scroll of acquirement for 780 gold pieces
 24339 | D:13     | Acquired 907 gold pieces
 24343 | D:13     | Bought a scroll of enchant armour for 112 gold pieces
 24435 | D:13     | Noticed Nessos
 24444 | D:13     | Killed Nessos
 24445 | D:13     | Reached skill level 1 in Translocations
 24573 | D:13     | Reached XP level 16. HP: 135/155 MP: 23/23
 25355 | D:13     | Identified the +10 dagger of Midwinter {flame, rPois}
 25982 | D:14     | Found a broken altar of Ashenzari.
 26243 | D:15     | Entered Level 15 of the Dungeon
 26269 | D:15     | Reached skill level 18 in Fighting
 26330 | D:15     | Found a staircase to the Depths.
 26579 | D:15     | Identified the ring "Vaifru Ymukh" {Fly rF+ rN+ Will- EV+5}
 26751 | D:15     | Noticed a tengu reaver
 26759 | D:15     | Killed a tengu reaver
 26908 | D:15     | Got the Grimoire of the Evil Eye and the Throng
 26912 | D:15     | Noticed a tengu reaver
 26926 | D:15     | Killed a tengu reaver
 27579 | D:15     | Noticed Jorgrun
 27598 | D:15     | Killed Jorgrun
 27601 | D:15     | Found a portal to a secret trove of treasure.
 28042 | Swamp:1  | Entered Level 1 of the Swamp
 28419 | Swamp:1  | Noticed a thorn hunter
 28429 | Swamp:1  | Killed a thorn hunter
 28642 | Swamp:1  | Reached skill level 15 in Armour
 28663 | Swamp:1  | Reached XP level 17. HP: 134/166 MP: 25/25
 29157 | Swamp:2  | Noticed Mlioglotl
 29162 | Swamp:2  | Killed Mlioglotl
 29668 | Swamp:2  | Noticed Kirke
 29690 | Swamp:2  | Killed Kirke
 30281 | Swamp:3  | Found a shimmering altar of Xom.
 30926 | Swamp:4  | Entered Level 4 of the Swamp
 30968 | Swamp:3  | Reached skill level 19 in Fighting
 31673 | Swamp:4  | Paralysed by a hornet for 3 turns
 31680 | Swamp:4  | Paralysed by a hornet for 1 turns
 32505 | Swamp:4  | Identified the +0 pair of boots of the Monk {rF+}
 32518 | Swamp:4  | Got a decaying rune of Zot
 32592 | Snake:1  | Entered Level 1 of the Snake Pit
 32941 | Snake:1  | Reached XP level 18. HP: 161/176 MP: 26/26
 33345 | Snake:1  | Reached skill level 5 in Conjurations
 33713 | Snake:1  | Reached skill level 10 in Dodging
 35006 | Snake:3  | Reached skill level 1 in Hexes
 35077 | Snake:3  | Reached skill level 20 in Fighting
 35860 | Snake:4  | Entered Level 4 of the Snake Pit
 36625 | Snake:4  | Reached XP level 19. HP: 184/187 MP: 28/28
 37663 | Snake:4  | Reached skill level 5 in Spellcasting
 38021 | Snake:4  | Reached skill level 21 in Fighting
 38086 | Snake:4  | Noticed Aizul
 38103 | Snake:4  | Killed Aizul
 38609 | Snake:4  | Reached skill level 5 in Translocations
 38655 | Snake:4  | Got a serpentine rune of Zot
 39028 | Vaults:1 | Entered Level 1 of the Vaults
 40069 | Vaults:1 | Reached XP level 20. HP: 143/199 MP: 29/29
 41102 | Vaults:2 | Noticed Nikola
 41115 | Vaults:2 | Killed Nikola
 41121 | Vaults:2 | Reached skill level 22 in Fighting
 41430 | Vaults:2 | Noticed Zenata
 41786 | Vaults:2 | Noticed Donald
 41827 | Vaults:2 | Killed Donald
 42116 | Vaults:2 | Killed Zenata
 42456 | Vaults:2 | You are sucked into a shaft and drop 1 floor!
 42828 | Vaults:3 | Found a flickering gateway to a bazaar.
 42834 | Bazaar   | Entered a bazaar
 42846 | Bazaar   | Found Nuts's Weapon Shop.
 42878 | Bazaar   | Found Liunif's Book Boutique.
 42906 | Bazaar   | Found Kigiall's Book Shop.
 42906 | Bazaar   | Found Xolump's Armour Boutique.
 42918 | Bazaar   | Bought the +2 shield of Resistance {rF++ rC++ Will++} for
                  | 705 gold pieces
 42918 | Bazaar   | Found the +2 shield of Resistance {rF++ rC++ Will++}
 43045 | Vaults:3 | Reached skill level 10 in Throwing
 44277 | Vaults:2 | Found a staircase to the Crypt.
 44368 | Vaults:2 | Reached XP level 21. HP: 210/210 MP: 30/30
 44387 | Vaults:2 | Found Kimojergh's Distillery.
 44392 | Vaults:2 | Bought a potion of heal wounds for 80 gold pieces
 44872 | Vaults:2 | Bought a potion of haste for 160 gold pieces
 45232 | Vaults:4 | Reached skill level 23 in Fighting
 45640 | Vaults:4 | Noticed Plog's ghost (adept AtMo)
 45641 | Vaults:4 | Found a transporter.
 45641 | Vaults:4 | Identified the +9 great mace of Finnecs {protect, Will+
                  | rCorr Int+3}
 45641 | Vaults:4 | Identified the +5 great mace "Ohaq" {speed, Dex+8}
 46064 | Vaults:4 | Found a transporter.
 46071 | Vaults:4 | Reached skill level 5 in Hexes
 46134 | Vaults:4 | Killed Plog's ghost
 46871 | Vaults:5 | Entered Level 5 of the Vaults
 46877 | Vaults:5 | Noticed a dread lich
 47008 | Vaults:4 | Killed a dread lich
 47435 | Vaults:5 | Noticed a dread lich
 47441 | Vaults:5 | Gained mutation: You are partially covered in large bone
                  | plates. (SH +4) [a cacodemon]
 47458 | Vaults:5 | Killed a dread lich
 47495 | Vaults:5 | Identified the amulet of Puunutsu {Faith rN+ Will+ Stlth-}
 47529 | Vaults:5 | Got a silver rune of Zot
 47714 | Vaults:4 | Reached XP level 22. HP: 147/222 MP: 32/32
 47958 | Vaults:5 | Got Jauhumom's Atlas of the Horrible Impact
 48304 | Vaults:5 | Identified the +5 quarterstaff "Veluem" {drain, Fly rElec
                  | Str+3 Dex+3}
 48375 | Vaults:5 | Identified the ring of Sovvolia {Fly rN+ Int+3}
 48524 | Vaults:5 | Reached skill level 24 in Fighting
 48636 | Vaults:5 | Identified the ring "Juso" {rC+ Str+5 Dex+6}
 48646 | Vaults:5 | Identified the +6 mace "Hydraslayer" {flame, Int+3}
 48894 | Vaults:5 | Identified the +0 dagger "Puhugh" {drain, rF+ Dex+3}
 48993 | Vaults:5 | Identified the +6 quarterstaff of Propriety {heavy, Fragile
                  | rN+ Dex+2}
 49011 | Vaults:5 | Reached skill level 10 in Shields
 49200 | Vaults:5 | Got the Vellum of the Arcane
 49448 | Vaults:5 | Identified the +9 ring mail of Dithmenos's Delight {rElec
                  | rC- Will++ Int+3}
 49664 | Vaults:5 | Acquired the amulet of the Cast Vote {rPois Regen+}
 50074 | Depths:1 | Entered Level 1 of the Depths
 50521 | Depths:1 | Found a hazy altar of Hepliaklqana.
 50804 | Depths:1 | Found a gateway to Hell.
 51416 | Depths:2 | Found a one-way gateway to a ziggurat.
 51474 | Depths:2 | Found a glowing silver altar of Zin.
 51497 | Depths:2 | Noticed a golden dragon
 51509 | Depths:2 | Killed a golden dragon
 51523 | Depths:2 | Reached XP level 23. HP: 230/232 MP: 33/33
 51965 | Depths:2 | Found Texoj's Jewellery Shop.
 51966 | Depths:2 | Found Qyracoco's Book Shoppe.
 51967 | Depths:2 | Found Tylas's Antique Weapon Emporium.
 51968 | Depths:2 | Found Suvuum's Magic Scroll Shop.
 51985 | Depths:2 | Bought a scroll of blinking for 90 gold pieces
 51985 | Depths:2 | Bought a scroll of enchant armour for 90 gold pieces
 51989 | Depths:2 | Bought a book of the Senses for 416 gold pieces
 51995 | Depths:2 | Learned a level 5 spell: Silence
 52061 | Depths:2 | Noticed Sojobo
 52074 | Depths:2 | Paralysed by an air elemental for 1 turns
 52083 | Depths:2 | Reached skill level 1 in Air Magic
 52083 | Depths:2 | Paralysed by an air elemental for 1 turns
 52094 | Depths:2 | Killed Sojobo
 52346 | Depths:2 | Paralysed by a floating eye for 3 turns
 52464 | Depths:2 | Noticed a golden dragon
 52469 | Depths:2 | Killed a golden dragon
 52834 | Depths:2 | Found a one-way gate leading to the halls of Pandemonium.
 52846 | Depths:2 | Learned a level 4 spell: Airstrike
 53041 | Depths:3 | Noticed a golden dragon
 53044 | Depths:3 | Paralysed by a floating eye for 4 turns
 53045 | Depths:3 | Identified the ring "Saimaffou" {rC+ Will+ AC+4 Slay+2}
 53058 | Depths:3 | Paralysed by a floating eye for 4 turns
 53059 | Depths:3 | Noticed a caustic shrike
 53064 | Depths:3 | Killed a golden dragon
 53218 | Depths:3 | Killed a caustic shrike
 53222 | Depths:3 | Noticed a golden dragon
 53311 | Depths:3 | Reached XP level 24. HP: 205/240 MP: 35/35
 53740 | Depths:3 | You are sucked into a shaft and drop 1 floor!
 53740 | Depths:4 | Entered Level 4 of the Depths
 53848 | Depths:4 | Paralysed by a floating eye for 2 turns
 55167 | D:15     | You paid a toll of 8 potions of haste to enter a treasure
                  | trove
 55168 | Trove    | Entered a treasure trove
 55196 | Trove    | Identified the amulet "Gyhin" {Reflect rF++ rN++ Int-3
                  | SH+5}
 55207 | Trove    | Identified the +6 dire flail of Plunder {venom, +Blink
                  | Will+}
 55210 | Trove    | Identified the +2 broad axe of the Final Mouths {flame,
                  | rC++ Will+}
 55532 | Lair:1   | Learned a level 2 spell: Blink
 55537 | Lair:1   | Learned a level 4 spell: Cause Fear
 55543 | Lair:1   | Learned a level 5 spell: Iskenderun's Battlesphere
 55792 | Depths:4 | Noticed a juggernaut
 55803 | Depths:4 | Killed a juggernaut
 55914 | Depths:4 | Reached skill level 5 in Air Magic
 56659 | Depths:4 | Reached skill level 10 in Hexes
 56709 | Depths:4 | Found a gate to the Realm of Zot.
 56958 | Elf:1    | Entered Level 1 of the Elven Halls
 57421 | Elf:1    | Got the Omnibus of the Boggart
 57883 | Elf:2    | Paralysed by an air elemental for 1 turns
 57899 | Elf:2    | Noticed Azrael
 57906 | Elf:2    | Killed Azrael
 58187 | Elf:2    | Paralysed by an air elemental for 1 turns
 58193 | Elf:2    | Reached XP level 25. HP: 248/248 MP: 36/36
 58337 | Elf:2    | Found a runed translucent gate.
 58337 | Elf:2    | Found a runed translucent gate.
 58340 | Elf:2    | Found a runed translucent gate.
 58680 | Elf:2    | Reached skill level 10 in Spellcasting
 58951 | Elf:3    | Entered Level 3 of the Elven Halls
 59847 | Elf:3    | Identified the +0 hand axe "Newtbane" {pain, rElec Str-3
                  | Int+7}
 59871 | Elf:3    | Identified the +10 falchion "Egguatua" {freeze, rC++
                  | Will++}
 59876 | Elf:3    | Identified the +4 hand axe of Brutal Revenge {speed, rElec
                  | rPois Str+6 Stlth+}
 60494 | Crypt:1  | Entered Level 1 of the Crypt
 60973 | Crypt:1  | Learned a level 6 spell: Conjure Ball Lightning
 61173 | Crypt:2  | Found a magical portal.
 61184 | WizLab   | Entered Cigotuvi's Fleshworks
 61252 | WizLab   | Gained mutation: You occasionally lose the ability to drink
                  | potions when taking damage. [mutagenic glow]
 61268 | WizLab   | Gained mutation: You sometimes lose the ability to drink
                  | potions when taking damage. [mutagenic glow]
 61280 | WizLab   | Gained mutation: You are frail. (-10% HP) [mutagenic glow]
 61297 | WizLab   | Gained mutation: Your spells are a little easier to cast,
                  | but a little less powerful. [mutagenic glow]
 61320 | WizLab   | Got Sif Muna's Precepts of the Shapeshifter
 61322 | WizLab   | Got the Commentary on Moulding
 61910 | Crypt:2  | Identified the +1 leather armour of the Moneychanger {rN++
                  | Str-3}
 62108 | Crypt:2  | Noticed Margery
 62122 | Crypt:2  | Killed Margery
 62333 | Crypt:2  | Noticed a royal mummy
 62346 | Crypt:2  | Killed a royal mummy
 62347 | Crypt:2  | Reached skill level 25 in Fighting
 62453 | Crypt:2  | Noticed a royal mummy
 62465 | Crypt:2  | Killed a royal mummy
 62541 | Crypt:2  | Noticed a royal mummy
 62541 | Crypt:2  | Found the +7 sceptre of Torment {pain, torment}
 62559 | Crypt:2  | Killed a royal mummy
 62688 | Crypt:2  | Reached XP level 26. HP: 227/228 MP: 22/37
 62806 | Crypt:3  | Entered Level 3 of the Crypt
 64248 | Crypt:3  | Found a basalt altar of Yredelemnul.
 64317 | Crypt:3  | Found an ancient bone altar of Kikubaaqudgha.
 64332 | Crypt:3  | Identified the +8 spear "Xouck" {spect, rPois rN+ Dex-2
                  | SInv}
 64383 | Crypt:3  | Got Khufu's Volume of the Damned
 64864 | Crypt:3  | Found a staircase to the Tomb.
 65266 | Slime:1  | Entered Level 1 of the Pits of Slime
 65326 | Slime:1  | Gained mutation: You have sharp fingernails. [a shining
                  | eye]
 65331 | Slime:1  | Gained mutation: You have supernaturally acute eyesight.
                  | (SInv) [a shining eye]
 65877 | Slime:2  | Gained mutation: Your body sometimes deteriorates upon
                  | taking damage. [a shining eye]
 66127 | Slime:2  | Gained mutation: Your spells are easier to cast, but less
                  | powerful. [a shining eye]
 66128 | Slime:2  | Gained mutation: Your magical capacity is low. (-10% MP) [a
                  | shining eye]
 66131 | Slime:2  | Gained mutation: Your body often deteriorates upon taking
                  | damage. [a shining eye]
 66163 | Slime:2  | Gained mutation: You occasionally lose the ability to read
                  | scrolls when taking damage. [a shining eye]
 66164 | Slime:2  | Gained mutation: You have hidden genetic defects. [a
                  | shining eye]
 66165 | Slime:2  | Gained mutation: Your magical capacity is very low. (-20%
                  | MP) [a shining eye]
 66167 | Slime:2  | Gained mutation: You are very frail. (-20% HP) [a shining
                  | eye]
 66288 | Slime:1  | Reached skill level 10 in Conjurations
 66670 | Slime:3  | Noticed Dissolution
 66674 | Slime:3  | Paralysed by a floating eye for 3 turns
 66683 | Slime:3  | Killed Dissolution
 67342 | Slime:3  | Gained mutation: Your spells are much easier to cast, but
                  | much less powerful. [hidden defects]
 67691 | Slime:4  | Gained mutation: Your magical capacity is extremely low.
                  | (-30% MP) [a shining eye]
 67822 | Slime:5  | Entered Level 5 of the Pits of Slime
 67855 | Slime:5  | Gained mutation: Armour fits poorly on your strangely
                  | shaped body. [a shining eye]
 67859 | Slime:5  | Gained mutation: You are extremely frail. (-30% HP) [a
                  | shining eye]
 68060 | Slime:5  | Reached XP level 27. HP: 144/187 MP: 26/26
 68224 | Slime:5  | Reached skill level 15 in Dodging
 68328 | Slime:4  | Gained mutation: You are vulnerable to cold. (rC-) [a
                  | shining eye]
 68334 | Slime:4  | Gained mutation: You are clumsy. (Dex -2) [hidden defects]
 68334 | Slime:4  | Lost mutation: You have hidden genetic defects. [hidden
                  | defects expressed]
 68429 | Slime:5  | Found a viscous altar of Jiyva.
 68435 | Slime:5  | Noticed the Royal Jelly
 68926 | Slime:5  | HP: 7/187 [rockslime[the Royal Jelly] (29)]
 68931 | Slime:4  | Slain by a rockslime

Illustrated notes

Levels and vault maps discovered:
D:1:      ldierk_walled_garden, layout_basic
D:2:      layout_basic, basic_ecumenical_altar
D:3:      layout_basic, grunt_nemelex_the_gamble, led_sif_book, serial_glass,
          glass_columns_c, glass_columns_a, serial_shops, shop,
          grunt_ministairs_1
D:4:      minmay_spotlight, layout_gridville, kennysheep_little_box,
          okawaru_altar_gauntlet_db
D:5:      layout_basic, grunt_temple_overflow_order_and_chaos_1,
          nicolae_vehumet_altar_sigil, lemuel_crystal_altar,
          kennysheep_generic_room_3, uniq_ijyb, uniq_crazy_yiuf_cottage,
          uniq_edmund
D:6:      layout_basic, lemuel_coloured_pillars_altar, elyvilon_altar_3,
          chequers_ossuary_entry_cave
D:7:      layout_gridville, minmay_temple_entry_mist, nicolae_shop_fire_sale
          [nicolae_sub_dead_trees], david_defended_altar_orc, uniq_pikel
D:8:      layout_rooms, dancing_weapons_uskayaw, grunt_gozag_breadcrumbs,
          due_lair_maze_entry_diamond, nrook_campfire, uniq_psyche
D:9:      layout_loops_ring, nicolae_wu_jian_wuxing_cycle, gammafunk_ghost_hive,
          uniq_grum
D:10:     layout_rooms, kennysheep_mini_moat, lightli_bailey_entry_fortress,
          glass_columns_c, uniq_josephine
D:11:     layout_basic
D:12:     layout_roguey, david_orc_2, corexii_checkpoint_b
D:13:     minmay_nested_s, layout_basic, portal_ice_cave_entry_ice_simulacra,
          serial_shops, nicolae_square_shop, uniq_nessos
D:14:     minmay_diamond_stairs, layout_irregular_city, david_vaults_1,
          evilmike_ruin_ashenzari
D:15:     gammafunk_depths_entry_grave, layout_cave_pods,
          nicolae_trove_entry_crystal, chequers_decorated_corner, minivault_15,
          minmay_diamond_spiral, uniq_jorgrun
Temple:   nicolae_temple_bog_church
Lair:1:   layout_chaotic_city
Lair:2:   layout_small_grid, minmay_swamp_entry_eels, basic_altar, uniq_amaemon
Lair:3:   nzn_winding_woodlands_huge [nzn_winding_woodlands_5x15_parted,
          nzn_winding_woodlands_5x15_default,
          nzn_winding_woodlands_5x15_split_checker,
          nzn_winding_woodlands_5x15_jagged,
          nzn_winding_woodlands_5x15_pathside_ponds,
          nzn_winding_woodlands_5x15_river_crossing,
          nzn_winding_woodlands_5x15_crooked, nzn_winding_woodlands_5x15_garden,
          nzn_winding_woodlands_5x15_pockets, nzn_winding_woodlands_5x15_twine,
          nzn_winding_woodlands_center_lodge,
          nzn_winding_woodlands_center_garden,
          nzn_winding_woodlands_15x15_thick_spiral], layout_cave_shapes,
          dummy_snake_entry, beast_lair_carwin_11
Lair:4:   layout_misc_corridors, ebering_ghost_reflecting_pool,
          nzn_masters_of_martial_movement
Lair:5:   hellmonk_lair_end_abyssal_woods, layout_cave_shapes,
          nicolae_slime_entry_field_trip, minmay_lindwurm_lava,
          grunt_megastairs_2, serial_bayou_shore_b
Swamp:1:  cheibrodos_swamp_tower_of_moss, layout_basic_swamp,
          evilmike_swamp_ruin_rubble_1, hangedman_swamp_dais
Swamp:2:  layout_falls_marsh, serial_swamp_ruin, evilmike_swamp_ruin_house_5,
          evilmike_swamp_ruin_rubble_2, evilmike_swamp_ruin_house_3,
          swamp_pool3, uniq_kirke, uniq_mlioglotl
Swamp:3:  layout_falls_marsh, infiniplex_staircase_pool_2, swamp_pool1,
          nicolae_swamp_godswood
Swamp:4:  swamp, layout_basic_swamp, swamp_pool1
Snake:1:  layout_misc_corridors
Snake:2:  layout_rooms
Snake:3:  layout_cave_shapes, grunt_megastairs_4
Snake:4:  hellmonk_snake_rune_quicksilver_temple, layout_layer_cave,
          grunt_megastairs_3, uniq_aizul
Slime:1:  layout_caves
Slime:2:  nicolae_slime_pool, layout_caves, nicolae_slime_phagocytosis
Slime:3:  layout_caves, uniq_dissolution
Slime:4:  layout_caves
Slime:5
Orc:1:    layout_caves, basic_altar
Orc:2:    st_orc_mages, layout_caves, serial_shops, shop
Elf:1:    elf_arrival_002, layout_rooms, minmay_elf_demonology
Elf:2:    nicolae_elf_blades_splatter_lattice [nicolae_blade_little_rooms],
          layout_loops_corners, drop_trap, uniq_azrael
Elf:3:    elf_hall_gauntlet_narrow, layout_loops_corners, elves_outpost_lemuel
Vaults:1: portal_desolation_entry_twin_temple, vaults_dpeg_hooks,
          grunt_vaults_twisty, hangedman_vaults_unwind, v_pattern_1,
          special_room_vaults [special_room_orc], vaults_dpeg_encased_lava,
          layout_vaults_omnigrid
Vaults:2: v_pattern_5, minmay_crypt_entry_skeletal_spiral, v_misc_12, v_misc_3,
          v_misc_31, v_alt_pattern_3, nicolae_vaults_asterisk,
          nicolae_vaults_angled_halls, ontoclasm_vaults_tryst,
          nicolae_vaults_little_ls, v_misc_17, vaults_room_pool, v_misc_15,
          v_misc_18, hangedman_vaults_nails, layout_vaults_omnibox,
          serial_shops, shop, uniq_zenata, uniq_donald, uniq_nikola
Vaults:3: v_rooms_6, nicolae_vaults_big_angled_halls,
          hangedman_vaults_variations, grunt_vaults_diagonal, v_misc_30,
          v_rooms_4, nicolae_vaults_what_the_h, vaults_mumra_chevron,
          vaults_mumra_minichess, ontoclasm_vaults_hangar,
          nicolae_vaults_specimen_jars, nicolae_vaults_theta,
          grunt_vaults_bifocal, vaults_room_hallway, vaults_dpeg_diagonal,
          layout_vaults_maze, serial_shops, bzr_entry_safe
Vaults:4: gammafunk_ghost_smash, nicolae_vaults_circle_grid_a,
          vaults_room_stairs_pillars, vaults_mumra_hexcomb,
          vaults_mumra_chevron_long, nicolae_vaults_circle_grid_b,
          vaults_room_pools, v_misc_23, ontoclasm_vaults_twist,
          ontoclasm_vaults_ligature, vaults_room_pool, hangedman_vaults_trim,
          layout_vaults_big_room
Vaults:5: serial_shops
Crypt:1:  layout_chaotic_city, grunt_ministairs_9, grunt_megastairs_5,
          uniq_josephina
Crypt:2:  minmay_guarded_unrand_sceptre_of_torment, layout_regular_city,
          infiniplex_enter_wizlab_water, uniq_margery
Crypt:3:  lightli_unholy_cathedral, layout_chaotic_city,
          tomb_entry_shell_bobbens
Depths:1: layout_roguey, pf_hell_entry_great_geh,
          nicolae_hepliaklqana_hippocampus
Depths:2: hangedman_box_tower, layout_cave_shapes, enter_ziggurat_e,
          grunt_pan_entry_sceptre, hell_entry, zin_angel, uniq_sojobo
Depths:3: minmay_the_grid_square_5x5_4x4 [minmay_the_grid_square_5x5_one_wall,
          minmay_the_grid_square_5x5_checkered_sparse,
          minmay_the_grid_square_5x5_shrine2,
          minmay_the_grid_square_5x5_doubleslash,
          minmay_the_grid_square_5x5_spiral,
          minmay_the_grid_square_5x5_prize_monsterx,
          minmay_the_grid_square_5x5_prize_itemx,
          minmay_the_grid_square_5x5_n_small,
          minmay_the_grid_square_5x5_shuriken,
          minmay_the_grid_square_5x5_prize_gold,
          minmay_the_grid_square_5x5_prize_rear_guard,
          minmay_the_grid_square_5x5_slash, minmay_the_grid_square_5x5_dogpile,
          minmay_the_grid_square_5x5_inverted_slash,
          minmay_the_grid_square_5x5_two,
          minmay_the_grid_square_5x5_beaten_path], layout_gridlike,
          grunt_hell_entry_dis_old, hangedman_decor_lopped,
          minmay_room_of_horrors
Depths:4: grunt_zot_entry_gee_three, layout_gridlike, hell_entry,
          hangedman_glass_teeth

Skill      XL: |  1  2  3  4  5  6  7  8  9 10 11 12 13 14 15 16 17 18 19 20 21 22 23 24 25 26 27 |
---------------+----------------------------------------------------------------------------------+-----
Axes           | 3 4 5 6 7 10 12 13 14 16 17 18 19 20 | 20.4
Fighting       | 4 5 6 7 9 11 13 15 16 17 18 19 20 21 22 23 24 25 | 25.9
Armour         | 4 5 6 7 9 10 11 12 13 14 15 16 17 18 19 20 | 20.4
Dodging        | 1 2 3 4 6 7 8 9 10 11 12 13 14 15 | 15.0
Shields        | 4 5 8 11 12 13 14 | 14.9
Invocations    | 1 4 6 7 9 10 11 12 13 | 13.4
Throwing       | 2 3 5 6 7 8 9 10 | 10.2
Spellcasting   | 2 3 4 5 6 7 8 9 10 11 | 11.3
Conjurations   | 2 3 4 5 6 7 8 9 10 | 10.3
Translocations | 1 2 3 4 5 6 7 |  7.4
Hexes          | 1 3 4 5 6 8 11 12 13 | 13.1
Air Magic      | 4 7 8 9 |  9.3

Action                     |  1- 3 |  4- 6 |  7- 9 | 10-12 | 13-15 | 16-18 | 19-21 | 22-24 | 25-27 || total
---------------------------+-------+-------+-------+-------+-------+-------+-------+-------+-------++-------
  Melee: War axe           |    81 |   172 |   341 |   611 |   985 |  1333 |  1308 |  1579 |  1282 ||  7692
         Unarmed           |       |       |       |     9 |       |       |       |       |       ||     9
         Flail             |       |       |       |     8 |    29 |    58 |       |       |       ||    95
  Throw: Javelin           |       |     3 |     7 |     7 |       |     2 |       |       |       ||    19
         Boomerang         |       |       |    39 |    47 |   117 |    59 |    16 |     1 |    22 ||   301
         Dart              |       |       |       |       |     2 |     5 |       |       |       ||     7
   Cast: Silence           |       |       |       |       |       |       |       |     2 |    19 ||    21
         Airstrike         |       |       |       |       |       |       |       |       |     6 ||     6
         Iskenderun's Batt |       |       |       |       |       |       |       |       |     3 ||     3
         Blink             |       |       |       |       |       |       |       |       |     1 ||     1
 Invoke: Slouch            |       |       |       |       |       |     4 |     1 |     1 |       ||     6
         Step From Time    |       |       |       |       |       |       |     1 |       |     1 ||     2
  Evoke: Wand              |       |       |     7 |     3 |     1 |     1 |       |       |       ||    12
    Use: Scroll            |       |       |     6 |    26 |    19 |    11 |     5 |     7 |     2 ||    76
         Potion            |       |       |     1 |     2 |     2 |     2 |     2 |       |     2 ||    11
   Stab: Distracted        |       |       |       |       |       |     1 |       |       |       ||     1
 Armour: Scale mail        |    49 |    69 |    99 |    31 |       |       |       |       |       ||   248
         Ring mail         |       |       |       |    90 |       |       |       |       |       ||    90
         Skin              |       |       |       |     1 |       |       |       |       |       ||     1
         Chain mail        |       |       |       |     3 |   342 |    63 |       |       |       ||   408
         Gold dragon scale |       |       |       |       |       |   688 |   444 |   532 |   416 ||  2080
  Dodge: Dodged            |    27 |   109 |   231 |   507 |   922 |  1363 |  1194 |   852 |   492 ||  5697
  Block: Buckler           |    18 |    32 |    89 |   199 |   427 |   607 |   341 |       |       ||  1713
         Kite shield       |       |       |       |       |       |       |   360 |  1403 |  1286 ||  3049
         Reflection        |       |       |       |       |       |       |       |       |    16 ||    16

Table legend: (Time is in decaauts)
 A = Elapsed time spent in this place.
 B = Non-inter-level travel time spent in this place.
 C = Inter-level travel time spent in this place.
 D = Time resting spent in this place.
 E = Time spent auto-exploring this place.
 F = Levels seen in this place.
 G = Mean time per level.
                   A        B        C        D        E       F      G
               +--------+--------+--------+--------+--------+-----+--------+
         Total |  99842 |  86647 |  13195 |  13133 |  55125 |  56 | 1782.9 |
       Dungeon |  26954 |  20574 |   6380 |   2599 |  14343 |  15 | 1796.9 |
        Temple |    240 |    216 |     24 |      0 |    198 |   1 |  240.0 |
          Lair |  10280 |   9030 |   1250 |   2266 |   4751 |   5 | 2056.0 |
         Swamp |   6381 |   5983 |    398 |   1271 |   3577 |   4 | 1595.2 |
     Snake Pit |   9062 |   8254 |    808 |   1885 |   4579 |   4 | 2265.5 |
    Slime Pits |   5265 |   4818 |    447 |    989 |   2633 |   5 | 1053.0 |
  Orcish Mines |   3310 |   2941 |    369 |   1053 |   1228 |   2 | 1655.0 |
   Elven Halls |   5651 |   5397 |    254 |     84 |   3978 |   3 | 1883.7 |
        Vaults |  15763 |  13558 |   2205 |   2306 |   8637 |   5 | 3152.6 |
         Crypt |   5290 |   4804 |    486 |    180 |   3650 |   3 | 1763.3 |
        Depths |   8817 |   8247 |    570 |     61 |   6539 |   4 | 2204.2 |
        Bazaar |    207 |    207 |      0 |      0 |    189 |   1 |  207.0 |
         Trove |    266 |    266 |      0 |      0 |     51 |   1 |  266.0 |
       Ossuary |    894 |    894 |      0 |    252 |    300 |   1 |  894.0 |
        Bailey |    683 |    683 |      0 |    119 |    219 |   1 |  683.0 |
        Wizlab |    771 |    771 |      0 |     66 |    250 |   1 |  771.0 |
               +--------+--------+--------+--------+--------+-----+--------+

Top non-repeatable levels by time:
    D:13: 4250 daAuts
 Snake:4: 3562 daAuts
Vaults:1: 3525 daAuts
Vaults:4: 3424 daAuts
Vaults:2: 3355 daAuts
Vaults:5: 3114 daAuts
Depths:2: 2900 daAuts
    D:15: 2776 daAuts
Depths:3: 2448 daAuts
    D:14: 2407 daAuts
  Lair:5: 2397 daAuts
Vaults:3: 2344 daAuts
    D:12: 2328 daAuts
  Lair:2: 2263 daAuts
   Elf:3: 2262 daAuts
